 Dungeon Crawl Stone Soup version 0.29.0-11-gd7f09526c8 (webtiles) character file.

Game seed: 17017647858136885089

127538 mtoz the Severer (level 16, -1/146 (149) HPs)
             Began as a Minotaur Berserker on Sept 3, 2022.
             Was a High Priest of Trog.
             Drowned by a drowned soul (16 damage)
             ... summoned by a merfolk avatar
             ... on level 3 of the Shoals on Sept 4, 2022.
             The game lasted 01:37:31 (38032 turns).

mtoz the Severer (Minotaur Berserker)              Turns: 38032, Time: 01:37:31

HP:   -1/146 (149)  AC: 26    Str: 30    XL:     16   Next: 46%
MP:   15/15         EV: 12    Int:  4    God:    Trog [*****.]
Gold: 1367          SH:  0    Dex: 10    Spells: 15/15 levels left

rFire   + . .      SeeInvis .   P - +2 battleaxe (venom)
rCold   . . .      Faith    +   (shield currently unavailable)
rNeg    . . .      Spirit   .   G - +0 plate armour
rPois   +          Reflect  .   (helmet restricted)
rElec   .          Harm     .   J - +2 cloak {Will+}
rCorr   .          Rampage  .   W - +2 pair of gloves
Will    ++++.                   S - +0 pair of boots
Stlth   ..........              K - amulet of faith
HPRegen 1.34/turn               Y - ring of protection from fire
MPRegen 0.14/turn               U - ring of poison resistance

@: strong-willed, regenerating, lightly drained, very slow
A: horns 2, retaliatory headbutt
a: Renounce Religion, Berserk, Trog's Hand, Brothers in Arms


You were on level 3 of the Shoals.
You worshipped Trog.
Trog was extremely pleased with you.
You visited 6 branches of the dungeon, and saw 27 of its levels.
You also visited: Ossuary.

You collected 2257 gold pieces.
You spent 890 gold pieces at shops.

Inventory:

Hand Weapons
 D - a +4 flail
 P - a +2 battleaxe of venom (weapon)
Armour
 m - a +0 pair of gloves
 G - a +0 plate armour (worn)
 J - a +2 cloak of willpower (worn)
 S - a +0 pair of boots (worn)
 W - a +2 pair of gloves (worn)
Jewellery
 t - a ring of flight
 B - a +6 ring of dexterity
 C - a ring of positive energy
 K - an amulet of faith (around neck)
 N - a +4 ring of protection
 Q - a ring of see invisible
 U - a ring of poison resistance (right hand)
 Y - a ring of protection from fire (left hand)
 Z - a ring of ice
Wands
 a - a wand of quicksilver (4)
 w - a wand of flame (18)
 F - a wand of polymorph (9)
 O - a wand of paralysis (4)
 V - a wand of roots (15)
Scrolls
 b - 6 scrolls of fog
 d - 2 scrolls of blinking
 g - 12 scrolls of teleportation
 j - 2 scrolls of torment
 l - 5 scrolls of poison
 n - 7 scrolls of vulnerability
 o - 3 scrolls of amnesia {unknown}
 q - 2 scrolls of identify
 r - 5 scrolls of noise {unknown}
 s - 3 scrolls of acquirement {unknown}
 v - 8 scrolls of enchant armour {unknown}
 x - 2 scrolls of silence {unknown}
 E - a scroll of summoning
 H - a scroll of immolation {unknown}
 I - 4 scrolls of magic mapping
 X - 3 scrolls of enchant weapon {unknown}
Potions
 c - a potion of resistance {unknown}
 e - a potion of might
 f - 3 potions of berserk rage
 h - a potion of haste
 i - 2 potions of invisibility
 p - 6 potions of flight
 u - 3 potions of lignification
 z - 9 potions of curing
 A - 6 potions of mutation
 L - a potion of cancellation
 T - 9 potions of ambrosia
Miscellaneous
 y - a tin of tremorstones (2/2)
 M - a phantom mirror (inert)
 R - a phial of floods (inert)


   Skills:
 + Level 15.3 Fighting
 * Level 20.7 Axes
 + Level 15.2 Armour
 + Level 14.0 Dodging
 + Level 11.1 Evocations


You had 15 spell levels left.
You didn't know any spells.
Your spell library was empty.

Dungeon Overview and Level Annotations

Branches:
Dungeon (15/15)            Temple (0/1) D:6            Lair (5/5) D:8
 Shoals (3/4) Lair:3        Snake (0/4) Lair:3        Slime (0/5) Lair:4
    Orc (2/2) D:10            Elf (1/3) Orc:2        Vaults (0/5) D:14
 Depths (1/4) D:15        Ossuary (visited)

Altars:
Ashenzari
Gozag
Qazlal
Sif Muna
Trog
Jiyva

Shops:
D:5 (   D:14 [(   Orc:2 [*==


Innate Abilities, Weirdness & Mutations

You have a pair of horns on your head.
You reflexively headbutt those who attack you in melee.


Message History

The merfolk avatar is almost dead.
The merfolk avatar is engulfed in a cloud of scalding steam.
You are too injured to fight recklessly!
You enter the shallow water.
Moving in this stuff is going to be slow.
The drowned soul touches you. The drowned soul drowns you!
* * * LOW HITPOINT WARNING * * *
The merfolk throws a stone.
The stone hits you.
* * * LOW HITPOINT WARNING * * *
Your skin crawls.
You feel strong-willed.
The merfolk avatar chants a haunting song.
You resist with almost no effort.
The drowned soul returns to the deep!
The merfolk hits you but does no damage.
The merfolk avatar chants a haunting song.
You resist with almost no effort. The drowned soul touches you.
The drowned soul drowns you!
* * * LOW HITPOINT WARNING * * *
The merfolk hits you but does no damage.
Your unstable footing causes you to fumble your attack.
The merfolk avatar chants a haunting song.
You resist with almost no effort.
You slash the merfolk!
The merfolk is poisoned.
Your headbutt misses the merfolk.
The merfolk is moderately wounded.
The merfolk hits you with a +0 trident!
* * * LOW HITPOINT WARNING * * *
The merfolk avatar chants a haunting song.
You resist with almost no effort.
You barely miss the merfolk. You headbutt the merfolk!
The merfolk is heavily wounded.
You hit the drowned soul. You slash the drowned soul!
The merfolk completely misses you. The drowned soul touches you.
The drowned soul drowns you!
* * * LOW HITPOINT WARNING * * *
The drowned soul touches you.
* * * LOW HITPOINT WARNING * * *
The drowned soul drowns you!
You die...

≈≈≈≈≈≈≈≈≈≈≈≈≈≈≈≈≈
≈≈≈≈≈≈≈≈≈≈≈≈~~~~~
≈≈≈≈≈≈≈≈≈≈~~~~~~~
≈≈≈≈≈≈≈≈≈≈~~~~~~~
≈≈≈≈≈≈m≈≈~~~...
≈≈≈≈≈~~~~~~~.#
≈≈≈≈~~~~~~~.>#
≈≈≈~~~~<~~~.#
≈≈≈~~~.!..@m##
≈≈≈~~.###.~..#
≈≈≈~~. #)~~....~~
≈≈≈~~ #..~~~..~~
≈≈≈~~ ###.~≈≈≈~~
#≈~~ ~##≈#~~ ##~~
####≈# ~ ≈≈≈~
#..~ # ≈ ≈~~~
#..~


You could see a merfolk avatar and a merfolk (very poisoned).

Vanquished Creatures
  Rupert (D:12)
  A fire giant (D:15)
  3 orc warlords
  Azrael (D:14)
  The ghost of Rayvis the Severer, a journeyman MiFi of Makhleb (Lair:2)
  A merfolk javelineer (Shoals:1)
  A merfolk impaler (Shoals:3)
  A rakshasa (D:13)
  2 vault guards (D:14)
  4 catoblepae
  4 centaur warriors
  6 hydras
  7 boulder beetles
  2 merfolk avatars (Shoals:1)
  9 two-headed ogres
  A satyr (Shoals:1)
  A merfolk aquamancer (Shoals:3)
  20 death yaks
  An alligator snapping turtle (Shoals:1)
  5 orc high priests
  Nergalle (D:10)
  12 skeletal warriors
  Lodul (D:14)
  4 sea snakes
  A necromancer (D:15)
  4 lindwurms (Lair:3)
  Pikel (D:6)
  A deep elf pyromancer (D:12)
  6 orc knights
  7 ugly things
  2 deep elf zephyrmancers (Elf:1)
  8 fauns
  6 orc sorcerers
  5 manticores
  4 cyclopes
  7 elephants
  2 water nymphs (Shoals:3)
  4 black mambas
  2 merfolk sirens (Shoals:1)
  The ghost of Flugkiller the Chopper, a novice MiFi of Cheibriados (D:4)
  A torpor snail (Lair:1)
  13 cane toads
  3 gargoyles
  An unseen horror (D:12)
  6 komodo dragons
  4 rime drakes
  A kobold demonologist (D:9)
  An efreet (D:15)
  A tengu conjurer (D:15)
  3 yaktaurs (D:13)
  12 trolls
  A meliai (shapeshifter) (D:14)
  3 meliai (D:15)
  A queen bee (Lair:2)
  11 merfolk
  A harpy zombie (Shoals:1)
  2 polar bears
  3 slime creatures (D:15)
  3 wind drakes
  2 snapping turtles
  8 blink frogs
  2 shadows (D:12)
  6 water elementals
  A wyvern (D:10)
  4 fire elementals
  41 yaks
  2 wraiths (D:10)
  5 basilisks
  2 vampires
  9 humans (D:14)
  3 steam dragons
  6 wargs
  6 vampire mosquitoes
  A hell hound (D:14)
  2 acid dragons
  14 water moccasins
  5 ice beasts
  2 manticore zombies (Shoals:1)
  8 black bears
  61 orc warriors
  4 sky beasts
  8 centaurs
  21 ogres
  6 wolves (Lair:3)
  3 phantoms
  A lemure (D:6)
  2 kobold brigands
  A gnoll sergeant (D:5)
  11 bullfrogs
  2 scorpions
  4 wights (D:7)
  30 killer bees
  7 howler monkeys
  3 electric eels
  A centaur zombie (Ossuary)
  4 quasits (D:4)
  3 human zombies (Ossuary)
  4 jellies
  Crazy Yiuf (D:2)
  35 orc priests
  2 iguanas (D:4)
  26 orc wizards
  4 hell rats (Lair:3)
  2 mummies (Ossuary)
  Robin (D:4)
  7 adders
  16 gnolls
  2 shadow imps
  2 adder zombies (Ossuary)
  3 dart slugs
  118 orcs
  2 bat zombies (Shoals:1)
  5 endoplasms
  16 goblins
  6 hobgoblins
  16 kobolds
  4 quokkas
  11 ball pythons
  10 bats
  3 frilled lizards
  2 goblin zombies (Ossuary)
  10 hobgoblin zombies (Ossuary)
  7 kobold zombies (Ossuary)
  10 orc zombies (Ossuary)
  A quokka zombie (D:6)
  6 rats
  3 rat zombies
858 creatures vanquished.

Vanquished Creatures (collateral kills)
  A merfolk javelineer (Shoals:3)
  A manticore (Lair:3)
  A merfolk (Shoals:3)
  4 yaks (Lair:3)
  A water moccasin (Lair:3)
  An ogre (Orc:2)
  An orc priest (Orc:2)
  3 hell rats (Lair:3)
13 creatures vanquished.

Vanquished Creatures (others)
  A human (D:14)
  A yak (Lair:5)
  An orc (Orc:1)
  30 fungi
  127 plants
160 creatures vanquished.

Grand Total: 1031 creatures vanquished

Notes
Turn   | Place    | Note
-------+----------+-------------------------------------------
     0 | D:1      | mtoz the Minotaur Berserker began the quest for the Orb.
     0 | D:1      | Reached XP level 1. HP: 19/19 MP: 0/0
   304 | D:1      | Reached XP level 2. HP: 27/27 MP: 1/1
   808 | D:1      | Reached skill level 4 in Axes
  1109 | D:2      | Reached XP level 3. HP: 28/33 MP: 2/2
  1253 | D:2      | Found a runed translucent door.
  1254 | D:2      | Noticed Crazy Yiuf
  1324 | D:2      | Reached ** piety under Trog
  1593 | D:2      | Found a faded altar of an unknown god.
  1685 | D:2      | Killed Crazy Yiuf
  1686 | D:2      | Reached XP level 4. HP: 31/41 MP: 3/3
  1939 | D:3      | Reached XP level 5. HP: 41/47 MP: 4/4
  2493 | D:4      | Reached skill level 5 in Axes
  2642 | D:4      | Noticed a phantom
  2651 | D:4      | Killed a phantom
  2652 | D:4      | Reached skill level 5 in Fighting
  2652 | D:4      | Reached XP level 6. HP: 56/56 MP: 5/5
  2912 | D:4      | Noticed Robin
  2926 | D:4      | Killed Robin
  3244 | D:4      | Found a transporter.
  3249 | D:4      | You fall into a shaft and drop 3 floors!
  3252 | D:7      | Noticed a sky beast
  3270 | D:7      | Noticed a steam dragon
  3302 | D:6      | Killed a sky beast
  3303 | D:6      | Reached skill level 5 in Armour
  3303 | D:6      | Reached XP level 7. HP: 62/62 MP: 6/6
  3371 | D:6      | Found a staircase to the Ecumenical Temple.
  3393 | D:6      | Found a sand-covered staircase.
  3401 | Ossuary  | Entered an ossuary
  3507 | Ossuary  | Reached skill level 6 in Axes
  3513 | Ossuary  | Reached *** piety under Trog
  3723 | D:5      | Entered Level 5 of the Dungeon
  3742 | D:6      | Reached skill level 1 in Evocations
  3876 | D:6      | Reached skill level 5 in Dodging
  4109 | D:4      | Reached skill level 7 in Axes
  4109 | D:4      | Reached XP level 8. HP: 69/71 MP: 7/7
  4224 | D:4      | Noticed Flugkiller's ghost (novice MiFi)
  4239 | D:4      | Found a transporter.
  4267 | D:4      | Killed Flugkiller's ghost
  4468 | D:5      | Reached skill level 8 in Axes
  4775 | D:5      | Found Qukuow's Antique Weapon Boutique.
  5046 | D:5      | Found a stormy altar of Qazlal.
  5050 | D:5      | Noticed an air elemental
  5495 | D:6      | Reached XP level 9. HP: 74/79 MP: 8/8
  5796 | D:6      | Found a shimmering blue altar of Sif Muna.
  6008 | D:6      | Noticed Pikel
  6019 | D:6      | Killed Pikel
  6020 | D:6      | Reached skill level 9 in Axes
  6839 | D:7      | Reached skill level 10 in Axes
  7581 | D:8      | Found a staircase to the Lair.
  7585 | Lair:1   | Entered Level 1 of the Lair of Beasts
  7597 | Lair:1   | Reached XP level 10. HP: 85/88 MP: 9/9
  8431 | D:8      | Found the +1 robe of Vines {NoPotionHeal Regen++++}
  8519 | D:8      | Reached skill level 11 in Axes
  8941 | D:8      | Noticed a seven-headed hydra
  8952 | D:8      | Killed a seven-headed hydra
  9128 | Lair:1   | Noticed a cane toad
  9136 | Lair:1   | Killed a cane toad
  9137 | Lair:1   | Reached skill level 5 in Evocations
  9262 | D:9      | Found a bloodstained altar of Trog.
  9962 | D:9      | Reached skill level 12 in Axes
 10597 | D:10     | Entered Level 10 of the Dungeon
 10616 | D:10     | Reached XP level 11. HP: 97/97 MP: 10/10
 10791 | D:10     | Noticed a boulder beetle
 10793 | D:10     | Noticed a catoblepas
 10793 | D:10     | Noticed a two-headed ogre
 10853 | D:10     | Killed a catoblepas
 10918 | D:10     | Noticed a two-headed ogre
 10924 | D:10     | Killed a two-headed ogre
 11088 | D:10     | Killed a two-headed ogre
 11162 | D:10     | Found a broken altar of Ashenzari.
 11163 | D:10     | Found an opulent altar of Gozag.
 11185 | D:10     | Noticed a two-headed ogre
 11190 | D:10     | Killed a two-headed ogre
 11191 | D:10     | Reached skill level 10 in Fighting
 11191 | D:10     | Reached skill level 13 in Axes
 11326 | D:10     | Killed a boulder beetle
 11400 | D:10     | Found the +6 shillelagh "Devastator" {shatter}
 11620 | D:10     | Noticed Nergalle
 11624 | D:10     | Noticed a spectral orc warlord
 11635 | D:10     | Killed Nergalle
 11898 | D:10     | Reached skill level 10 in Armour
 12038 | D:10     | Found a staircase to the Orcish Mines.
 12176 | Orc:1    | Entered Level 1 of the Orcish Mines
 12176 | Orc:1    | Noticed an orc warlord
 12596 | D:10     | Killed an orc warlord
 12645 | Orc:1    | Noticed an orc knight
 12842 | D:10     | Killed an orc knight
 12843 | D:10     | Reached XP level 12. HP: 83/107 MP: 11/11
 13289 | Orc:1    | Reached skill level 14 in Axes
 13348 | Orc:2    | Entered Level 2 of the Orcish Mines
 13348 | Orc:2    | Noticed an orc warlord
 13357 | Orc:2    | Killed an orc warlord
 13525 | Orc:2    | Noticed an orc high priest
 13537 | Orc:2    | Killed an orc high priest
 13742 | Orc:2    | Noticed an orc high priest
 13757 | Orc:2    | Killed an orc high priest
 13758 | Orc:2    | Found Jaly's Jewellery Boutique.
 13763 | Orc:2    | Reached skill level 10 in Dodging
 13844 | Orc:2    | Bought an amulet of faith for 560 gold pieces
 13867 | Orc:2    | Noticed an orc high priest
 13880 | Orc:2    | Killed an orc high priest
 14647 | Orc:2    | Noticed a two-headed ogre
 14659 | Orc:2    | Killed a two-headed ogre
 14660 | Orc:2    | Reached skill level 15 in Axes
 14837 | Orc:1    | Noticed an orc warlord
 14910 | Orc:2    | Noticed a two-headed ogre
 14920 | Orc:2    | Killed a two-headed ogre
 14934 | Orc:2    | Noticed a two-headed ogre
 14941 | Orc:2    | Killed a two-headed ogre
 15118 | Orc:1    | Noticed an orc high priest
 15129 | Orc:2    | Killed an orc warlord
 15763 | Orc:2    | Reached XP level 13. HP: 92/117 MP: 12/12
 15913 | Orc:2    | Found Likkufe's Armour Boutique.
 15923 | Orc:2    | Found Ekhler's General Store.
 15929 | Orc:2    | Bought a scroll of identify for 20 gold pieces
 15929 | Orc:2    | Bought a scroll of teleportation for 30 gold pieces
 16013 | Orc:2    | Reached **** piety under Trog
 16820 | Orc:2    | Found a staircase to the Elven Halls.
 16826 | Elf:1    | Entered Level 1 of the Elven Halls
 17122 | Orc:2    | Found Ruckukh's Jewellery Shoppe.
 17134 | Orc:2    | Reached skill level 16 in Axes
 17967 | Lair:1   | Identified the +0 scale mail "Duck" {Str+6}
 18106 | Lair:1   | Reached ***** piety under Trog
 19568 | Lair:2   | Identified the +7 rapier of Busoc {protect, rCorr}
 19796 | Lair:2   | Found a runed translucent gate.
 19796 | Lair:2   | Found a runed translucent gate.
 19796 | Lair:2   | Found a runed translucent gate.
 19803 | Lair:2   | Noticed Rayvis's ghost (journeyman MiFi)
 19814 | Lair:2   | Killed Rayvis's ghost
 20149 | Lair:3   | Reached skill level 17 in Axes
 20389 | Lair:3   | Found a staircase to the Snake Pit.
 20652 | Lair:3   | Reached XP level 14. HP: 91/127 MP: 13/13
 21246 | Lair:3   | Found a staircase to the Shoals.
 21309 | Shoals:1 | Entered Level 1 of the Shoals
 21929 | Lair:3   | HP: 6/129 [lindwurm/blast of flame (23)]
 22817 | Lair:4   | Found a viscous altar of Jiyva.
 22836 | Lair:4   | Found a staircase to the Slime Pits.
 23609 | Lair:5   | Entered Level 5 of the Lair of Beasts
 24071 | Lair:5   | Reached skill level 18 in Axes
 24618 | Lair:5   | HP: 4/129 [catoblepas (9)]
 26139 | Lair:5   | Reached XP level 15. HP: 137/137 MP: 14/14
 27417 | D:12     | Noticed Rupert
 27431 | D:12     | Killed Rupert
 27432 | D:12     | Reached skill level 10 in Evocations
 28130 | D:12     | Reached skill level 19 in Axes
 29802 | D:14     | Found Qiugaozi's Weapon Shop.
 30153 | D:14     | Found Giluon's Armour Boutique.
 30977 | D:14     | Noticed Azrael
 30986 | D:14     | Killed Azrael
 31044 | D:14     | Noticed Lodul
 31056 | D:14     | Killed Lodul
 31716 | D:14     | Found a gate to the Vaults.
 31795 | D:15     | Entered Level 15 of the Dungeon
 31824 | D:15     | Found a staircase to the Depths.
 31824 | D:15     | Noticed a fire giant
 31837 | D:15     | Killed a fire giant
 31846 | D:15     | Received a gift from Trog
 32208 | D:15     | Reached skill level 20 in Axes
 32641 | D:15     | Reached XP level 16. HP: 116/147 MP: 15/15
 33159 | Depths:1 | Entered Level 1 of the Depths
 34394 | Orc:2    | Bought a ring of poison resistance for 280 gold pieces
 34653 | Shoals:1 | Reached skill level 15 in Fighting
 35423 | Shoals:1 | Reached skill level 15 in Armour
 37057 | Shoals:2 | You fall into a shaft and drop 1 floor!
 37332 | Shoals:3 | Received a gift from Trog
 38032 | Shoals:3 | Drowned by a drowned soul

Illustrated notes

Levels and vault maps discovered:
D:1:      lemuel_arrival_river_bridge, layout_loops_corners, minmay_cut_off
D:2:      layout_basic, shapermc_ecumenical_altar_hornbeckon,
          uniq_crazy_yiuf_cottage
D:3:      layout_rooms
D:4:      layout_basic, gammafunk_ghost_stat_death, uniq_robin
D:5:      layout_loops_ring, nicolae_qazlal_style_of_elements, serial_shops,
          nicolae_diamond_shop
D:6:      layout_loops_corners, mainiacjoe_overflow_24_doors,
          minmay_temple_entry_drinking_statues, enter_ossuary_4,
          hangedman_decor_opposing, uniq_pikel
D:7:      mumra_celtic_spiral_tile, layout_basic
D:8:      layout_gridville, lair_entry_dummy, hellmonk_guarded_unrand_vines
D:9:      layout_stronghold, trog_ov_bears_minmay, serial_column_ruins,
          column_ruins_open_medium, column_ruins_columns_dead_end,
          column_ruins_grid_1, column_ruins_columns_straight
D:10:     minmay_roctagon, layout_loops_corners, grunt_temple_overflow_open,
          david_orc_4, uniq_nergalle
D:11:     layout_cross
D:12:     layout_gridville, uniq_rupert
D:13:     layout_rooms
D:14:     layout_stronghold, ximxim_vaults_locker_room, serial_shops,
          nicolae_shop_bloodbath_and_beyond, nicolae_shop_crystal, uniq_azrael,
          uniq_lodul
D:15:     grunt_enter_depths_giant_problem, layout_long_grid,
          roderic_serpentine_path
Lair:1:   layout_loops_ring, serial_bayou, serial_bayou_pond_d,
          serial_bayou_pond_c, serial_bayou_pond_d, serial_bayou_pond_a,
          infiniplex_staircase_pool
Lair:2:   layout_roguey [special_room_bee], ebering_ghost_rock_garden,
          guppyfry_lair_drakes
Lair:3:   layout_layer_cave, minmay_shoals_entry_beasts,
          minmay_snake_entry_six_corridors, minmay_lindwurm_lava
Lair:4:   layout_regular_city, slime_entry_1, serial_bayou_shore_a,
          grunt_megastairs_5
Lair:5:   evilmike_catoblepas_cave, layout_cave_pods
Shoals:1: layout_shoals, nicolae_shoals_undead_eyrie
Shoals:2: layout_shoals, serial_shops, shop_statue, yaktaur_hedge
Shoals:3: cheibrodos_shoals_gigantism, layout_shoals,
          nicolae_shoals_lost_giant_temple, nicolae_shoals_mertower
Orc:1:    layout_caves
Orc:2:    pubby_orc_utopia, serial_shops
Elf:1:    minmay_elf_arrival_circle, layout_geoelf_diagonals,
          minmay_elf_demonology, grunt_ministairs_1, onia_ninara_cookie
Depths:1: layout_cave_pools, serial_shops, shop, abyss_entry_crystal,
          hell_entry, grunt_gozag_statues, mu_enter_wizlab_1,
          nicolae_vehumet_radiance, uniq_enchantress

Skill      XL: |  1  2  3  4  5  6  7  8  9 10 11 12 13 14 15 16 |
---------------+-------------------------------------------------+-----
Fighting       | 4 5 6 7 8 9 10 11 12 13 14 15 | 15.3
Axes           | 4 5 7 8 10 12 13 15 17 18 20 | 20.7
Armour         | 3 4 5 6 7 9 10 11 12 13 14 15 | 15.2
Dodging        | 3 4 5 6 7 8 9 10 11 12 13 14 | 14.0
Evocations     | 1 2 4 5 6 7 8 9 10 11 | 11.1

Action                   |  1- 3 |  4- 6 |  7- 9 | 10-12 | 13-15 | 16-18 || total
-------------------------+-------+-------+-------+-------+-------+-------++-------
Melee: Hand axe          |    70 |   142 |   313 |   124 |       |       ||   649
       Headbutt          |     9 |    20 |    63 |   142 |   232 |    77 ||   543
       Punch             |       |     2 |     6 |     7 |     2 |       ||    17
       War axe           |       |       |       |   165 |       |       ||   165
       Flail             |       |       |       |    13 |    29 |       ||    42
       Battleaxe         |       |       |       |   290 |   960 |   320 ||  1570
Invok: Trog's Hand       |     1 |     8 |    10 |    44 |    32 |    13 ||   108
       Berserk           |       |     4 |     5 |    18 |    11 |     2 ||    40
       Brothers in Arms  |       |       |       |       |     5 |       ||     5
Evoke: Phantom mirror    |       |       |       |     1 |       |     1 ||     2
       Wand              |       |       |       |       |    10 |    17 ||    27
       Phial of floods   |       |       |       |       |       |     1 ||     1
  Use: Scroll            |       |       |     5 |     6 |    11 |     5 ||    27
       Potion            |       |       |       |     1 |     4 |     2 ||     7
 Stab: Petrified         |       |       |       |       |     4 |       ||     4
       Distracted        |       |       |       |       |       |     1 ||     1
Armor: Ring mail         |    31 |    17 |       |       |       |       ||    48
       Chain mail        |       |    63 |   107 |       |       |       ||   170
       Plate armour      |       |       |    90 |   327 |   597 |   155 ||  1169
Dodge: Dodged            |    43 |    81 |   157 |   342 |   583 |   155 ||  1361
